 Dungeon Crawl Stone Soup version 0.29-a0-557-g43b9904bd1 (webtiles) character file.

Game seed: 10204512786050833092

84 xian the Conjurer (level 4, -10/27 HPs)
             Began as an Octopode Conjurer on June 9, 2022.
             Killed by divine providence
             ... invoked by an orc priest
              (12 damage)
             ... on level 3 of the Dungeon.
             The game lasted 00:05:01 (2803 turns).

xian the Conjurer (Octopode Conjurer)               Turns: 2803, Time: 00:05:02

Health: -10/27     AC:  1    Str:  6    XL:     4   Next: 45%
Magic:  8/8        EV: 13    Int: 22    God:
Gold:   109        SH:  0    Dex: 10    Spells: 7/8 levels left

rFire   . . .      SeeInvis .   f - +0 mace
rCold   . . .      Faith    .   (no shield)
rNeg    . . .      Spirit   .   (helmet restricted)
rPois   .          Reflect  .   (no amulet)
rElec   .          Harm     .   d - ring of resist corrosion
rCorr   +          Rampage  .   (no ring)
Will    .....                   (no ring)
Stlth   +++.......              (no ring)
HPRegen 0.09/turn               (no ring)
MPRegen 0.11/turn               (no ring)
                                (no ring)
                                (no ring)

@: no status effects
A: almost no armour, amphibious, 8 rings, camouflage 1, gelatinous body 1,
(nimble swimmer 1), tentacles
a: no special abilities


You were on level 3 of the Dungeon.
You visited 1 branch of the dungeon, and saw 3 of its levels.

You collected 109 gold pieces.

Inventory:

Hand Weapons
 f - a +0 mace (weapon)
Missiles
 e - 5 poisoned darts
 j - a throwing net
Armour
 c - a +0 pair of gloves of strength
Jewellery
 d - a ring of resist corrosion (left tentacle)
Scrolls
 b - a scroll of fog {unknown}
 g - a scroll of identify {unknown}
 i - 2 scrolls of poison {unknown}
 k - a scroll of amnesia {unknown}
 m - a scroll of vulnerability {unknown}
Potions
 a - a potion of magic
 h - a potion of degeneration {unknown}
 l - 3 potions of curing {unknown}
 n - a potion of haste {unknown}
 o - a potion of lignification {unknown}


   Skills:
 + Level 0.1 Maces & Flails
 + Level 2.2 Dodging
 + Level 3.4 Stealth
 + Level 2.7 Spellcasting
 + Level 5.0 Conjurations


You had 7 spell levels left.
You knew the following spells:

 Your Spells              Type           Power      Damage    Failure   Level
a - Magic Dart            Conj           100%       1d8       1%          1

Your spell library contained the following spells:

 Spells                   Type           Power      Damage    Failure   Level
 Searing Ray              Conj           50%        2d6       2%          2
 Summon Small Mammal      Summ           12%        N/A       13%         1
 Dazzling Flash           Conj/Hex       28%        N/A       14%         3
 Blink                    Tloc           6%         N/A       19%         2
 Call Canine Familiar     Summ           3%         N/A       36%         3
 Lesser Beckoning         Tloc           3%         N/A       36%         3
 Summon Guardian Golem    Hex/Summ       3%         N/A       36%         3
 Fulminant Prism          Conj/Hex       7%         3d7       41%         4
 Iskenderun's Mystic Bla  Conj/Tloc      14%        2d5       41%         4
 Manifold Assault         Tloc           3%         N/A       98%         5


Dungeon Overview and Level Annotations

Branches:
Dungeon (3/15)

Altars:


Innate Abilities, Weirdness & Mutations

You cannot wear most types of armour.
You are amphibious.
You can wear up to eight rings at the same time.
Your skin changes colour to match your surroundings (Stealth+).
Your rubbery body absorbs attacks. (AC +1, EV +1)
((You are camouflaged when in or above water. (Stealth+)))
You have tentacles for arms and can constrict up to eight enemies at once.


Message History

The rat twitches its whiskers.
The bat closely misses you.
Things that are here:
a +0 club; a kobold corpse The bat barely misses you.
The rat completely misses you. The bat barely misses you.
You barely miss the rat. Your grab misses the rat. The bat hits you.
The rat barely misses you. The rat bites you.
You hit the rat. Your grab misses the rat. You squeeze the rat.
You kill the rat!
The bat hits you. The bat barely misses you.
You hit the bat. Your grab misses the bat. You squeeze the bat.
You kill the bat!
You start resting.
A rat is nearby!
An orc priest comes into view. It is wielding a +0 falchion.
An orc comes into view. It is wielding a +0 club.
The orc priest shouts!
You hear a shout!
An adder comes into view.
The orc shouts!
The adder hisses angrily.
You hear a shout!
An orc priest comes into view.
It is wielding a +2 hand axe of distortion.
An orc wizard comes into view. It is wielding a +0 dagger.
An orc comes into view. It is wielding a +0 short sword.
The orc shouts!
The rat bites you.
You hit the rat but do no damage. You grab the rat.
You squeeze the rat, but do no damage. You constrict the rat.
You kill the rat!
The orc priest looks satisfied for a moment.
The adder misses you.
You barely miss the adder. Your grab misses the adder. The adder bites you.
The orc priest invokes the aid of Beogh against you.
Beogh smites you!
Ouch! That really hurt!
* * * LOW HITPOINT WARNING * * *
The orc priest looks encouraged for a moment.
The adder closely misses you.
The orc priest invokes the aid of Beogh against you.
Beogh smites you!
You die...

#..)# #... #####...####.#
.#............#####..
..................... #
#.....†......#####.. ...
#####...####.#####..
...oo###.......##<.......
....ooS..#...#.###.......
#.#.####@#...#.# #.......
#......## # #..#####
......#### #..# .Z.
#.##...# #..# ... # .....
#..# ## ...... #..#
....... ......#..


You could see 2 orc priests, an adder and 2 orcs.

Vanquished Creatures
  Terence (D:2)
  An adder (D:2)
  3 worms
  6 endoplasms
  2 giant cockroaches
  3 hobgoblins
  2 jackals (D:2)
  A ball python (D:2)
  6 bats
  2 frilled lizards
  4 goblins
  7 kobolds
  4 rats
42 creatures vanquished.

Notes
Turn   | Place    | Note
-------+----------+-------------------------------------------
     0 | D:1      | xian the Octopode Conjurer began the quest for the Orb.
     0 | D:1      | Reached XP level 1. HP: 11/11 MP: 3/3
   599 | D:1      | Reached XP level 2. HP: 17/17 MP: 1/5
  1446 | D:2      | Reached XP level 3. HP: 21/21 MP: 2/6
  2306 | D:2      | Noticed Terence
  2317 | D:2      | Killed Terence
  2318 | D:2      | Reached XP level 4. HP: 27/27 MP: 3/8
  2678 | D:3      | Reached skill level 5 in Conjurations
  2803 | D:3      | Killed from afar by an orc priest

Illustrated notes

Levels and vault maps discovered:
D:1:      lightli_arrival_statuegarden, layout_loops_corners
D:2:      minmay_door_path, layout_loops_ring, minmay_quantized, uniq_terence
D:3:      layout_loops_cross, gammafunk_ghost_mausoleum

Skill      XL: |  1  2  3  4 |
---------------+-------------+-----
Stealth        | 3 |  3.4
Conjurations   | 5 |  5.0
Maces & Flails | |  0.1
Dodging        | |  2.2
Spellcasting   | |  2.7

Action                   |  1- 3 |  4- 6 || total
-------------------------+-------+-------++-------
Melee: Unarmed           |     6 |       ||     6
       Tentacles         |     3 |     7 ||    10
       Constrict         |     3 |     5 ||     8
       Mace              |     4 |    21 ||    25
Throw: Throwing net      |     1 |       ||     1
 Cast: Magic Dart        |    70 |     8 ||    78
 Stab: Held in net/web   |     1 |       ||     1
       Sleeping          |       |     1 ||     1
Armor: Skin              |     2 |       ||     2
Dodge: Dodged            |     4 |    18 ||    22

Table legend: (Time is in decaauts)
 A = Elapsed time spent in this place.
 B = Non-inter-level travel time spent in this place.
 C = Inter-level travel time spent in this place.
 D = Time resting spent in this place.
 E = Time spent auto-exploring this place.
 F = Levels seen in this place.
 G = Mean time per level.
                   A        B        C        D        E       F      G
               +--------+--------+--------+--------+--------+-----+--------+
         Total |   2810 |   2766 |     44 |     84 |   2305 |   3 |  936.7 |
       Dungeon |   2810 |   2766 |     44 |     84 |   2305 |   3 |  936.7 |
               +--------+--------+--------+--------+--------+-----+--------+

Top non-repeatable levels by time:
     D:2: 1434 daAuts
     D:1: 1224 daAuts
     D:3: 152 daAuts
